 Dungeon Crawl Stone Soup version 0.28.0-1-gb440e238dd (webtiles) character file.

Game seed: 1417046383218214108

68 hikkokomori the Digger (level 4, -4/24 HPs)
             Began as a Gargoyle Earth Elementalist on Feb 25, 2022.
             Slain by a river rat (6 damage)
             ... on level 3 of the Dungeon.
             The game lasted 00:06:23 (1745 turns).

hikkokomori the Digger (GrEE)                       Turns: 1745, Time: 00:06:24

Health: -4/24      AC:  6    Str: 11    XL:     4   Next: 19%
Magic:  0/8        EV: 11    Int: 18    God:
Gold:   64         SH:  5    Dex: 10    Spells: 7/8 levels left

rFire   . . .      SeeInvis .   k - +0 long sword
rCold   . . .      Faith    .   (no shield)
rNeg    + . .      Spirit   .   b - +0 robe
rPois   ∞          Reflect  +   (no helmet)
rElec   +          Harm     .   (no cloak)
rCorr   .          Rampage  .   (no gloves)
Will    .....                   h - +0 pair of boots
Stlth   ++........              l - amulet of reflection
HPRegen 0.08/turn               (no ring)
MPRegen 0.11/turn               (no ring)

@: no status effects
A: sickness immunity, AC +3, negative energy resistance 1, electricity
resistance, torment resistance 1, petrification resistance
a: no special abilities


You were on level 3 of the Dungeon.
You visited 1 branch of the dungeon, and saw 3 of its levels.

You collected 64 gold pieces.

Inventory:

Hand Weapons
 a - a +0 club
 e - a +0 dagger
 k - a +0 long sword (weapon)
Missiles
 c - 132 stones
Armour
 b - a +0 robe (worn)
 h - a +0 pair of boots (worn)
Jewellery
 l - an amulet of reflection (around neck)
Scrolls
 d - a scroll of blinking
 f - a scroll of immolation
 i - 4 scrolls of fog
 n - a scroll of identify
Potions
 g - a potion of invisibility {unknown}
 m - a potion of mutation {unknown}


   Skills:
 - Level 1.5 Dodging
 + Level 3.4 Stealth
 + Level 2.8 Spellcasting
 - Level 0.7 Transmutations
 + Level 4.5 Earth Magic


You had 7 spell levels left.
You knew the following spells:

 Your Spells              Type           Power      Damage    Failure   Level
a - Sandblast             Erth           36%        2d10      2%          1

Your spell library contained the following spells:

 Spells                   Type           Power      Damage    Failure   Level
 Passwall                 Tmut/Erth      9%         N/A       9%          2
 Stone Arrow              Conj/Erth      20%        3d8       21%         3
 Petrify                  Tmut/Erth      11%        N/A       50%         4


Dungeon Overview and Level Annotations

Branches:
Dungeon (3/15)

Altars:
Ashenzari
Sif Muna
Yredelemnul

Shops:
D:2 :


Innate Abilities, Weirdness & Mutations

You are immune to sickness and miasma.
Your stone body is resilient. (AC +3)
You are immune to poison.
You resist negative energy. (rN+)
You are resistant to electric shocks. (rElec)
You are resistant to unholy torment.
You are immune to petrification.


Message History

The river rat bites you.
* * * LOW HITPOINT WARNING * * *
The river rat bites you but does no damage.
Casting: Sandblast (safe; 2% risk of failure)
Confirm with . or Enter, or press ? or * to list all spells.
Aiming: Sandblast (safe; 2% risk of failure)
Press: ? - help, Shift-Dir - straight line, f/p - river rat
Aim: a river rat (heavily wounded, 77% to hit)
The blast of sand hits the river rat.
The river rat is severely wounded.
The river rat closely misses you.
Unknown command.
You hear the rusting of a drain nearby.
Casting: Sandblast (safe; 2% risk of failure)
Confirm with . or Enter, or press ? or * to list all spells.
Aiming: Sandblast (safe; 2% risk of failure)
Press: ? - help, Shift-Dir - straight line, f/p - river rat
Aim: a river rat (severely wounded, 77% to hit)
The blast of sand hits the river rat but does no damage.
The river rat is severely wounded.
The river rat barely misses you.
Unknown command.
You completely miss the river rat.
The river rat is severely wounded.
You block the river rat's attack. x2
You hit the river rat but do no damage.
The river rat is severely wounded.
The river rat bites you but does no damage.
You barely miss the river rat.
The river rat is severely wounded.
The river rat bites you but does no damage.
You barely miss the river rat.
The river rat is severely wounded.
The river rat bites you.
* * * LOW HITPOINT WARNING * * *
The river rat closely misses you.
You closely miss the river rat.
The river rat is severely wounded.
The river rat bites you.
You die...

#.####### # #.# ##.#
#..# #.## ##.#
############ #..#
...........########.##
................@r..#
............#########
###########.##### .#
#...†.....# .#
#.#######.# .## #.#
..#####.#####
............#
..#####.###.#


You could see a river rat.

Vanquished Creatures
  2 adders
  A river rat (D:3)
  2 worms (D:2)
  2 endoplasms (D:2)
  2 giant cockroaches (D:1)
  4 goblins
  3 hobgoblins
  3 jackals (D:1)
  A quokka (D:2)
  3 ball pythons
  4 bats
  A frilled lizard (D:2)
  2 kobolds
  5 rats
35 creatures vanquished.

Vanquished Creatures (others)
  A plant (D:3)
1 creature vanquished.

Grand Total: 36 creatures vanquished

Notes
Turn   | Place    | Note
-------+----------+-------------------------------------------
     0 | D:1      | hikkokomori the Gargoyle Earth Elementalist began the quest
                  | for the Orb.
     0 | D:1      | Reached XP level 1. HP: 10/10 MP: 3/3
    81 | D:1      | Reached XP level 2. HP: 2/15 MP: 0/5
   753 | D:1      | Reached skill level 4 in Earth Magic
   974 | D:2      | Reached XP level 3. HP: 19/19 MP: 4/6
  1030 | D:2      | Found a broken altar of Ashenzari.
  1247 | D:2      | Found Umipu's Book Shop.
  1556 | D:3      | Found a faded altar of an unknown god.
  1581 | D:3      | Reached XP level 4. HP: 24/24 MP: 8/8
  1607 | D:3      | Found a basalt altar of Yredelemnul.
  1680 | D:3      | Found a shimmering blue altar of Sif Muna.
  1745 | D:3      | Slain by a river rat

Illustrated notes

Levels and vault maps discovered:
D:1:      minmay_arrival_doors, layout_rooms, serial_park_tiny_1
D:2:      layout_rooms, serial_shops, shop, basic_altar
D:3:      cheibrodos_fertilizer, layout_loops_ring,
          mainiacjoe_overflow_alcove_4, mainiacjoe_overflow_small_starburst,
          lemuel_blue_sif_altar, shapermc_ecumenical_altar_mp_urbaneastern,
          portal_sewer_entry_e, ebering_ghost_disaster_area,
          minmay_misc_feat_chi

Skill      XL: |  1  2  3 |
---------------+----------+-----
Earth Magic    | 4 |  4.5
Stealth        | 3 |  3.4
Dodging        | |  1.5
Spellcasting   | |  2.8
Transmutations | |  0.7

Action                   |  1- 3 |  4- 6 || total
-------------------------+-------+-------++-------
Melee: Club              |    38 |       ||    38
       Unarmed           |     4 |       ||     4
       Long sword        |    35 |    12 ||    47
 Cast: Sandblast         |    16 |    11 ||    27
  Use: Scroll            |     4 |       ||     4
       Potion            |       |     1 ||     1
 Stab: Sleeping          |     2 |       ||     2
Armor: Robe              |    32 |     9 ||    41
Dodge: Dodged            |    51 |     5 ||    56
Block: Other             |     9 |     4 ||    13
